 Dungeon Crawl Stone Soup version 0.29.1-1-gd02db69 (webtiles) character file.

Game seed: 1381795766914117191

102 Ayyar the Sneak (level 4, 0/30 HPs)
             Began as an Octopode Brigand on May 5, 2023.
             Slain by an adder (3 damage)
             ... on level 3 of the Dungeon.
             The game lasted 00:05:56 (1826 turns).

Ayyar the Sneak (Octopode Brigand)                  Turns: 1826, Time: 00:05:56

Health: 0/30       AC:  1    Str: 12    XL:     4   Next: 78%
Magic:  4/4        EV: 13    Int: 19    God:
Gold:   79         SH:  0    Dex: 13    Spells: 3/3 levels left

rFire   . . .      SeeInvis +   a - +2 dagger
rCold   . . .      Faith    .   (no shield)
rNeg    + . .      Spirit   .   (helmet restricted)
rPois   .          Reflect  .   (no amulet)
rElec   .          Harm     .   k - ring of see invisible
rCorr   .          Rampage  .   n - ring of Wethoaso {rN+ Int+6}
Will    .....                   (no ring)
Stlth   ++++......              (no ring)
HPRegen 0.10/turn               (no ring)
MPRegen 0.09/turn               (no ring)
                                (no ring)
                                (no ring)

@: no status effects
A: almost no armour, amphibious, 8 rings, camouflage 1, gelatinous body 1,
(nimble swimmer 1), tentacles
a: no special abilities


You were on level 3 of the Dungeon.
You visited 1 branch of the dungeon, and saw 3 of its levels.

You collected 79 gold pieces.

Inventory:

Hand Weapons
 a - a +2 dagger (weapon)
 p - a +1 short sword of speed
Missiles
 b - 19 poisoned darts (quivered)
 c - 3 curare-tipped darts
Jewellery
 k - a ring of see invisible (left tentacle)
 n - the ring of Wethoaso (right tentacle) {rN+ Int+6}
   (You found it on level 2 of the Dungeon)

   [ring of intelligence]

   Int:       It affects your intelligence (+6).
   rN:        It protects you from negative energy.
Scrolls
 e - 2 scrolls of fear {unknown}
 h - a scroll of identify {unknown}
 j - a scroll of magic mapping {unknown}
 l - a scroll of teleportation {unknown}
Potions
 d - 2 potions of curing {unknown}
 f - 2 potions of invisibility {unknown}
 g - 2 potions of mutation {unknown}
 i - a potion of heal wounds {unknown}
 m - 2 potions of flight {unknown}
 o - 2 potions of degeneration {unknown}


   Skills:
 + Level 2.7 Fighting
 + Level 2.5 Short Blades
 + Level 2.6 Throwing
 + Level 1.8 Dodging
 * Level 6.4 Stealth


You had 3 spell levels left.
You didn't know any spells.
Your spell library was empty.

Dungeon Overview and Level Annotations

Branches:
Dungeon (3/15)

Altars:
Sif Muna

Shops:
D:2 =


Innate Abilities, Weirdness & Mutations

You cannot wear most types of armour.
You are amphibious.
You can wear up to eight rings at the same time.
Your skin changes colour to match your surroundings (Stealth+).
Your rubbery body absorbs attacks. (AC +1, EV +1)
((You are camouflaged when in or above water. (Stealth+)))
You have tentacles for arms and can constrict up to eight enemies at once.


Message History

Found a ring mail and a scroll labelled TETUYL IR WUOSS.
A frilled lizard comes into view.
The adder hisses angrily.
You closely miss the adder.
The frilled lizard hisses angrily.
Your grab misses the adder.
You squeeze the adder, but do no damage.
The adder closely misses you. The adder barely misses you.
You closely miss the adder. Your grab misses the adder.
The frilled lizard bites you. The adder bites you.
You hit the frilled lizard.
You kill the frilled lizard!
The adder closely misses you.
You miss the adder. Your grab misses the adder.
The adder bites you but does no damage.
You closely miss the adder. Your grab misses the adder.
Your squeeze misses the adder. The adder misses you.
You hit the worm. You grab the worm. You squeeze the worm!
The worm is heavily wounded.
You constrict the worm, but do no damage.
The adder closely misses you. The worm bites you!
You hit the worm. You squeeze the worm.
The worm is heavily wounded.
You constrict the worm. The adder bites you. The worm bites you.
You hit the worm.
The worm is severely wounded.
You constrict the worm. The adder completely misses you.
The adder bites you but does no damage.
You barely miss the worm.
The worm is almost dead.
You constrict the worm. The adder bites you. The worm bites you!
* * * LOW HITPOINT WARNING * * *
You hit the worm.
You kill the worm!
The adder barely misses you.
Okay, then.
You closely miss the adder. Your grab misses the adder. You squeeze the adder!
The adder is almost dead.
The adder bites you.
You die...

#######.##
#)<..[...#
#######)#####.#.#
#..S@.........#
..[...†........###
......###...##.#
...... .........
..... .......# .#
..... .......# .
.... #......$#
.... .......?.


You could see an adder.

Vanquished Creatures
  An orc wizard (D:3)
  An adder (D:2)
  2 worms
  5 dart slugs
  4 orcs (D:3)
  2 ball pythons (D:2)
  6 endoplasms (D:2)
  3 giant cockroaches
  2 goblins
  6 hobgoblins
  4 jackals (D:2)
  2 bats
  3 frilled lizards
  2 kobolds
  2 rats
45 creatures vanquished.

Notes
Turn   | Place    | Note
-------+----------+-------------------------------------------
     0 | D:1      | Ayyar the Octopode Brigand began the quest for the Orb.
     0 | D:1      | Reached XP level 1. HP: 14/14 MP: 1/1
   245 | D:1      | Reached XP level 2. HP: 19/19 MP: 2/2
   397 | D:1      | Found a faded altar of an unknown god.
   533 | D:2      | Found a shimmering blue altar of Sif Muna.
   620 | D:2      | Found Halihig's Jewellery Emporium.
   699 | D:2      | Reached XP level 3. HP: 18/25 MP: 3/3
  1069 | D:2      | Identified the ring of Wethoaso {rN+ Int+6}
  1125 | D:2      | Reached skill level 6 in Stealth
  1259 | D:2      | Reached XP level 4. HP: 29/30 MP: 4/4
  1826 | D:3      | Slain by an adder

Illustrated notes

Levels and vault maps discovered:
D:1:      dpeg_arrival_rooms_a, layout_rooms, ebering_ecumenical_altar_mist,
          reono_crystal_passage, minmay_misc_feat_columns
D:2:      layout_loops_ring, serial_shops,
          nicolae_shop_competitors_out_of_business, basic_altar,
          amcnicky_mini_corridor_feature, minmay_cupped
D:3:      layout_loops_ring

Skill      XL: |  1  2  3 |
---------------+----------+-----
Stealth        | 6 |  6.4
Fighting       | |  2.7
Short Blades   | |  2.5
Throwing       | |  2.6
Dodging        | |  1.8

Action                   |  1- 3 |  4- 6 || total
-------------------------+-------+-------++-------
Melee: Dagger            |    60 |    36 ||    96
       Constrict         |    16 |     7 ||    23
       Tentacles         |     7 |     7 ||    14
       Punch             |       |     1 ||     1
 Stab: Sleeping          |    12 |       ||    12
       Distracted        |     1 |       ||     1
Armor: Skin              |     3 |     3 ||     6
Dodge: Dodged            |    24 |    17 ||    41
